 Dungeon Crawl Stone Soup version 0.32-a0-898-g7811c86cf0 (webtiles) character file.

Game seed: 1200788072487042984

3178 Griffin23 the Carver (level 9, -1/83 HPs)
             Began as a Minotaur Fighter on Apr 4, 2024.
             Was a Follower of Uskayaw.
             Slain by a gnoll
             ... wielding a +0 halberd
             ... led by a gnoll sergeant
              (3 damage)
             ... on level 9 of the Dungeon.
             The game lasted 00:11:09 (8761 turns).

Griffin23 the Carver (Minotaur Fighter)             Turns: 8761, Time: 00:11:09

Health: -1/83      AC: 13    Str: 31    XL:     9   Next: 63%
Magic:  0/8        EV:  8    Int:  5    God:    Uskayaw [*.....]
Gold:   774        SH:  0    Dex: 10    Spells: 8/8 levels left

rFire   . . .        d - +0 great sword
rCold   . . .        (shield currently unavailable)
rNeg    + + .        m - +2 chain mail {rN+}
rPois   .            (helmet restricted)
rElec   .            (no cloak)
rCorr   .            (no gloves)
SInv    .            (no boots)
Will    .....        p - amulet of guardian spirit Stlth
                     s - ring of positive energy
HPRegen 0.33/turn    y - +6 ring of strength
MPRegen 0.11/turn

%: guardian spirit
@: confused, ambrosia-drunk
A: horns 2, retaliatory headbutt
a: Renounce Religion, Stomp


You were on level 9 of the Dungeon.
You worshipped Uskayaw.
Uskayaw was noncommittal.
You visited 2 branches of the dungeon, and saw 10 of its levels.
You also visited: Sewer.

You collected 774 gold pieces.

Inventory:

Hand Weapons
 a - a +0 long sword
 d - a +0 great sword (weapon)
Missiles
 l - a throwing net (quivered)
 K - 4 boomerangs
Armour
 b - a +0 scale mail
 c - a +0 buckler
 m - a +2 chain mail of positive energy (worn)
Jewellery
 i - a ring of resist corrosion
 p - an amulet of guardian spirit (around neck)
 s - a ring of positive energy (left hand)
 u - a ring of flight
 y - a +6 ring of strength (right hand)
Wands
 v - a wand of flame (29)
 z - a wand of iceblast (10)
 F - a wand of charming (17)
 I - a wand of digging (2)
Scrolls
 g - a scroll of poison
 h - a scroll of summoning {unknown}
 n - 2 scrolls of acquirement {unknown}
 o - 2 scrolls of immolation
 q - a scroll of enchant armour {unknown}
 B - a scroll of revelation {unknown}
 D - a scroll of enchant weapon {unknown}
 E - a scroll of fog {unknown}
 G - 4 scrolls of identify
 H - a scroll of brand weapon {unknown}
 J - a scroll of fear {unknown}
 L - 2 scrolls of amnesia {unknown}
Potions
 e - 3 potions of degeneration
 f - 2 potions of resistance
 j - 2 potions of cancellation {unknown}
 k - 2 potions of attraction {unknown}
 r - 2 potions of ambrosia
 w - a potion of haste {unknown}
 x - 2 potions of brilliance {unknown}
 A - 2 potions of lignification {unknown}
 C - 2 potions of curing {unknown}


   Skills:
 + Level 9.0 Fighting
 * Level 11.6 Long Blades
 + Level 8.9 Armour
 - Level 4.0 Shields


You had 8 spell levels left.
You didn't know any spells.
Your spell library contained the following spells:

 Spells                   Type           Power      Damage    Failure   Level
 Apportation              Tloc           0%         N/A       86%         1
 Necrotise                Necr           0%         1d4       86%         1
 Sting                    Conj/Alch      0%         1d3       86%         1
 Summon Small Mammal      Summ           0%         N/A       86%         1
 Teleport Other           Tloc           0%         N/A       99%         3
 Dispersal                Tloc           0%         N/A       100%        6
 Gell's Gavotte           Tloc           0%         2d(11-16) 100%        6


Dungeon Overview and Level Annotations

Branches:
Dungeon (9/15)             Temple (1/1) D:6           Sewer (visited)
   Lair: D:8-11         Orc: D:9-12

Altars:
Ashenzari
Cheibriados
Fedhas
Gozag
Hepliaklqana
Kikubaaqudgha
Makhleb
Nemelex Xobeh
Qazlal
Ru
Sif Muna
Trog
Uskayaw
Xom
Yredelemnul
Zin
The Shining One

Shops:
D:9 [


Innate Abilities, Weirdness & Mutations

You have a pair of horns on your head.
You reflexively headbutt those who attack you in melee.


Message History

You hear a shout! x2
You completely miss the acid dragon. The acid dragon barely misses you.
The acid dragon claws you but does no damage.
The gnoll sergeant hits you from afar with a +4 vampiric spear.
The gnoll barely misses you.
Unknown command.
You closely miss the acid dragon.
The howler monkey hoots and howls with incredible vigour!
A howler monkey comes into view.
The acid dragon bites you. The acid dragon barely misses you.
The gnoll sergeant closely misses you.
The gnoll hits you from afar with a +0 halberd!
A howler monkey comes into view.
The howler monkey hoots and howls with incredible vigour!
You hit the acid dragon but do no damage.
Your headbutt misses the acid dragon. The acid dragon closely misses you.
You furiously retaliate!
You headbutt the acid dragon. The acid dragon barely misses you.
The gnoll sergeant hits you but does no damage.
The gnoll hits you from afar with a +0 halberd!
* * * LOW HITPOINT WARNING * * *
You closely miss the acid dragon. You headbutt the acid dragon.
The acid dragon is moderately wounded.
The acid dragon spits acid at you. The splash of acid hits you!!
* * * LOW HITPOINT WARNING * * *
The gnoll sergeant hits you but does no damage.
The gnoll closely misses you.
Okay, then.
Okay, then.
You are confused.
You feel invigorated.
The howler monkey hoots and howls with incredible vigour!
The gnoll sergeant hits you from afar with a +4 vampiric spear.
* * * LOW HITPOINT WARNING * * *
The acid dragon bites you but does no damage.
The acid dragon barely misses you.
The gnoll hits you from afar with a +0 halberd.
You die...
Your body falls in perfect tune with the rhythm.

...#####...###...
###.....## ##........ #
###..####### #. ##...## #
#.. #..### #### #...
##.## ##...
##..ho######..# ####....
....ohgD@....#####.<.....
#....og########.......###
#...hg..............###
....h.#####..####..##
.##### ##....#..##
#.......## ##.#...###
#..#....# #.##.≈~..♣


You could see an orc warrior, an acid dragon, a gnoll sergeant, 4 howler
monkeys, 2 gnolls and 2 orcs.

Vanquished Creatures
  Pikel (D:6)
  A wyvern (D:9)
  Grum (D:8)
  A steam dragon (D:7)
  Edmund (D:6)
  A water moccasin (D:5)
  A sky beast (D:8)
  An orc warrior (D:8)
  2 ogres
  3 wolves (D:8)
  2 centaurs (D:7)
  A kobold brigand (D:8)
  3 scorpions
  4 bullfrogs
  2 howler monkeys (D:8)
  2 hounds
  A jelly (D:4)
  A gnoll bouda (D:6)
  An orc priest (D:8)
  2 iguanas
  Ijyb (D:5)
  Terence (D:3)
  Natasha (twice) (D:2)
  5 orc wizards (D:8)
  9 adders
  9 gnolls
  2 shadow imps
  8 dart slugs
  17 orcs
  24 endoplasms
  12 giant cockroaches
  7 goblins
  11 hobgoblins
  3 quokkas
  11 ball pythons
  6 bats
  16 frilled lizards
  6 kobolds
  4 rats
186 creatures vanquished.

Notes
Turn   | Place    | Note
-------+----------+-------------------------------------------
     0 | D:1      | Griffin23 the Minotaur Fighter began the quest for the Orb.
     0 | D:1      | Reached XP level 1. HP: 19/19 MP: 0/0
   122 | D:1      | Found a faded altar of an unknown god.
   218 | D:1      | Reached XP level 2. HP: 25/27 MP: 1/1
   534 | D:1      | Reached skill level 3 in Long Blades
   855 | D:2      | Reached XP level 3. HP: 30/33 MP: 2/2
  1100 | D:2      | Reached XP level 4. HP: 10/40 MP: 3/3
  1103 | D:2      | Reached skill level 4 in Long Blades
  1348 | D:2      | Noticed Natasha
  1350 | D:2      | Killed Natasha
  1418 | D:2      | Noticed Natasha
  1439 | D:2      | Killed Natasha
  1440 | D:2      | Reached XP level 5. HP: 27/47 MP: 4/4
  1674 | D:3      | Reached skill level 5 in Long Blades
  1803 | D:3      | Found a glowing drain.
  1901 | Sewer    | Entered a sewer
  1969 | Sewer    | Reached skill level 5 in Fighting
  1987 | Sewer    | Reached skill level 5 in Armour
  2078 | Sewer    | Reached XP level 6. HP: 48/56 MP: 5/5
  2327 | Sewer    | Reached skill level 6 in Long Blades
  2347 | Sewer    | Identified the staff "Tud Ecle" {Dex+2 Hexes Earth}
  2465 | D:3      | Noticed Terence
  2472 | D:3      | Killed Terence
  2527 | D:3      | Found a hide-covered altar of Uskayaw.
  2541 | D:3      | Reached XP level 7. HP: 15/62 MP: 1/6
  2551 | D:3      | Became a worshipper of Uskayaw the Reveller
  2809 | D:3      | Reached * piety under Uskayaw
  3001 | D:4      | Reached ** piety under Uskayaw
  3002 | D:4      | Reached *** piety under Uskayaw
  3069 | D:4      | Reached skill level 7 in Long Blades
  3647 | D:5      | Entered Level 5 of the Dungeon
  3931 | D:5      | Noticed Ijyb
  3941 | D:5      | Killed Ijyb
  4136 | D:6      | Reached skill level 8 in Long Blades
  4299 | D:6      | Found a staircase to the Ecumenical Temple.
  4339 | D:6      | Noticed Pikel
  4354 | D:6      | Killed Pikel
  4355 | D:6      | Reached skill level 9 in Long Blades
  4355 | D:6      | Reached XP level 8. HP: 24/73 MP: 1/7
  4480 | Temple   | Entered the Ecumenical Temple
  4824 | D:6      | Found a broken altar of Ashenzari.
  5021 | D:6      | Found a shimmering blue altar of Sif Muna.
  5408 | D:6      | Found a sacrificial altar of Ru.
  5427 | D:6      | Found a hazy altar of Hepliaklqana.
  5801 | D:6      | Noticed Edmund
  5810 | D:6      | Killed Edmund
  6189 | D:7      | Found a bloodstained altar of Trog.
  6231 | D:7      | Reached skill level 10 in Long Blades
  6486 | D:7      | Reached XP level 9. HP: 56/81 MP: 3/8
  6619 | D:7      | Found an opulent altar of Gozag.
  6901 | D:7      | Found a glowing silver altar of Zin.
  7296 | D:8      | Noticed Grum
  7308 | D:8      | Reached **** piety under Uskayaw
  7315 | D:8      | Reached ***** piety under Uskayaw
  7316 | D:8      | Killed Grum
  7317 | D:8      | Reached skill level 11 in Long Blades
  7931 | D:8      | Found a snail-covered altar of Cheibriados.
  7935 | D:8      | Found a shimmering altar of Xom.
  7981 | D:8      | Found a stormy altar of Qazlal.
  8085 | D:9      | Noticed a troll
  8591 | D:9      | Found Syixiteg's Antique Armour Emporium.
  8760 | D:9      | HP: 1/83 [acid dragon/splash of acid (21)]
  8761 | D:9      | Slain by a gnoll

Illustrated notes

Levels and vault maps discovered:
D:1:      dpeg_arrival_concentric_ovals, layout_basic,
          ebering_ecumenical_altar_ruins
D:2:      layout_rooms, kennysheep_generic_room_6, uniq_natasha
D:3:      layout_rooms, nicolae_uskayaw_dance_hall,
          cheibrodos_sewer_entry_drain, minmay_misc_feat_secret_circle,
          uniq_terence
D:4:      layout_loops_ring
D:5:      layout_basic, serial_park_tiny_pond, kennysheep_generic_room_5,
          uniq_ijyb
D:6:      layout_layer_cave, nicolae_sif_muna_condensation,
          nicolae_ashenzari_skybound, mainiacjoe_overflow_catwalk,
          nicolae_ru_sacrificial_ziggurat, minmay_temple_entry_sparse_star,
          uniq_edmund, uniq_pikel
D:7:      layout_loops_cross, zin_treasury, mainiacjoe_overflow_24_doors,
          lemuel_round_altar
D:8:      layout_rooms, mainiacjoe_overflow_big_doors,
          nicolae_qazlal_style_of_elements, uniq_grum
D:9:      layout_rooms, vehumet_statue, nicolae_elyvilon_peaceful_grove,
          nzn_wu_jian_council_hall, kennysheep_okawaru_gauntlet, serial_shops,
          nicolae_shop_back_alley_shop, minmay_misc_feat_tiny,
          nicolae_nh_ransacked_shop
Temple:   hellmonk_temple_flake

Skill      XL: |  1  2  3  4  5  6  7  8  9 |
---------------+----------------------------+-----
Long Blades    | 3 4 5 6 9 10 11 | 11.6
Shields        | 4 |  4.0
Fighting       | 4 5 7 8 9 |  9.0
Armour         | 4 5 7 8 |  8.9

Action                     |  1- 3 |  4- 6 |  7- 9 || total
---------------------------+-------+-------+-------++-------
  Melee: Long sword        |    72 |     3 |       ||    75
         Headbutt          |    13 |    21 |    33 ||    67
         Unarmed           |       |    19 |       ||    19
         Great sword       |       |   165 |   239 ||   404
  Evoke: Wand              |       |       |     5 ||     5
    Use: Potion            |     1 |       |     4 ||     5
         Scroll            |       |       |     7 ||     7
   Stab: Paralysed         |       |       |     7 ||     7
 Armour: Scale mail        |    52 |     8 |       ||    60
         Skin              |       |     9 |       ||     9
         Chain mail        |       |   216 |   352 ||   568
  Dodge: Dodged            |    42 |   116 |   151 ||   309
  Block: Buckler           |    16 |     1 |       ||    17

Table legend: (Time is in decaauts)
 A = Elapsed time spent in this place.
 B = Non-inter-level travel time spent in this place.
 C = Inter-level travel time spent in this place.
 D = Time resting spent in this place.
 E = Time spent auto-exploring this place.
 F = Levels seen in this place.
 G = Mean time per level.
                   A        B        C        D        E       F      G
               +--------+--------+--------+--------+--------+-----+--------+
         Total |   8974 |   8451 |    523 |    363 |   6591 |  11 |  815.8 |
       Dungeon |   8140 |   7617 |    523 |    131 |   6287 |   9 |  904.4 |
        Temple |    252 |    252 |      0 |    232 |      0 |   1 |  252.0 |
         Sewer |    580 |    580 |      0 |      0 |    304 |   1 |  580.0 |
               +--------+--------+--------+--------+--------+-----+--------+

Top non-repeatable levels by time:
     D:6: 1772 daAuts
     D:8: 1442 daAuts
     D:7: 964 daAuts
     D:3: 879 daAuts
     D:1: 846 daAuts
     D:2: 784 daAuts
     D:4: 725 daAuts
   Sewer: 580 daAuts
     D:5: 494 daAuts
  Temple: 252 daAuts
     D:9: 231 daAuts
